Map: Eastwatch LE

Players

Juxtapose

  • Race: Terran Terran
  • League: Platinum
  • Spawn Location: 7:00

Nemesis - Winner!

  • Race: Terran Terran
  • League: Diamond
  • Spawn Location: 1:00

VOD

https://youtu.be/-lCrNAZyKbE

Description

I'm still not sure what to think of Eastwatch, as it's a rather large map, and large maps don't do so well with my play style.

My initial rush here did a solid job, but once again, my macro issues...

I think it's time I really, really started working on those.

Time

  • Played on: Feb. 10, 2018, 2:50 p.m.
  • Length: 18:42
Show
View Real Time Build Order
Export as new Build Order

Juxtapose Terran 

Build Orders:  

Get SALT Encoding   

  12  0:01  SCV  
  13  0:13  SCV  
  14  0:23  Supply Depot  
  14  0:25  SCV  
  15  0:45  SCV  
  15  0:46  Barracks  
  16  0:51  Supply Depot  
  16  0:57  SCV  
  17  0:59  Refinery  
  17  1:09  SCV  
  18  1:21  SCV  
  18  1:23  Refinery  
  19  1:34  Marine  
  20  1:42  Orbital Command  
  20  1:54  Barracks Reactor  
  20  2:03  Engineering Bay  
  20  2:07  SCV  
  21  2:19  SCV, Factory  
  22  2:32  SCV  
  22  2:33  Missile Turret, Marine  
  22  2:34  Marine  
  25  2:39  Supply Depot  
  24  2:50  SCV  
  25  2:51  Marine x2  
  27  3:02  SCV, Supply Depot  
  27  3:03  Factory Reactor  
  28  3:07  Terran Infantry Weapons Level 1  
  28  3:09  Marine x2  
  30  3:30  Marine x2  
  32  3:40  Supply Depot  
  32  3:41  Cyclone x2  
  38  3:48  Starport  
  38  3:49  Marine x2  
  40  4:07  Marine x2  
  42  4:13  Cyclone x2  
  48  4:18  Supply Depot  
  48  4:25  Marine x2  
  48  4:27  Starport Tech Lab  
  50  4:43  Marine x2  
  52  4:46  Cyclone  
  52  4:50  Cyclone  
  58  5:00  Marine  
  58  5:01  Marine  
  58  5:07  Terran Infantry Armor Level 1  
  60  5:36  Command Center, Marine  
  60  5:37  Marine  
  62  5:54  Marine  
  63  6:05  Medivac, Marine  
  63  6:07  Medivac  
  53  6:14  Marine  
  53  6:16  Cyclone  
  50  6:23  Marine  
  49  6:32  Marine  
  46  6:41  Marine  
  47  6:50  Marine  
  46  6:59  Marine  
  39  7:07  Medivac x2  
  39  7:08  Marine  
  44  7:17  Marine  
  44  7:19  Armory  
  45  7:24  SCV  
  45  7:26  Cyclone, Marine  
  50  7:34  Marine  
  50  7:36  SCV  
  52  7:54  Marine x2  
  54  8:12  Marine x2  
  56  8:16  Siege Tank  
  53  8:29  Marine  
  53  8:30  Marine  
  55  8:47  Marine x2  
  57  8:48  Siege Tank  
  57  8:58  Orbital Command  
  57  9:03  SCV  
  57  9:05  Marine x2  
  57  9:15  SCV  
  58  9:20  Siege Tank  
  58  9:23  Marine x2  
  63  9:27  SCV  
  64  9:33  Viking x2  
  68  9:40  SCV  
  68  9:41  Marine x2  
  68  9:42  SCV  
  68  9:45  Refinery  
  71  9:46  Refinery  
  71  9:51  Command Center  
  68  9:54  SCV  
  68  9:59  Marine x2  
  70  10:03  Viking x2  
  70  10:06  Siege Tank, SCV  
  78  10:23  Marine  
  78  10:57  Terran Vehicle Weapons Level 1  
  78  11:02  Viking x2, Marine  
  78  11:03  SCV x2  
  85  11:06  Supply Depot  
  85  11:12  Planetary Fortress  
  85  11:15  SCV x2  
  87  11:21  Marine x2  
  89  11:27  SCV x2  
  89  11:30  Supply Depot  
  91  11:39  SCV x2, Marine x2  
  95  11:51  SCV x2  
  95  11:53  Supply Depot  
  84  11:56  Marine  
  84  12:04  SCV  
  84  12:06  Refinery  
  84  12:08  Refinery, SCV x2  
  87  12:16  SCV  
  88  12:27  SCV  
  89  12:36  Barracks  
  89  12:39  SCV  
  89  12:41  Missile Turret  
  70  12:54  Marine x2  
  70  12:55  Siege Tank  
  70  12:58  Viking x2  
  77  13:12  Marine  
  78  13:16  Marine  
  78  13:19  Terran Infantry Weapons Level 2  
  79  13:23  Terran Vehicle And Ship Armor Level 1, Barracks  
  79  13:25  Barracks Tech Lab  
  79  13:28  Siege Tank, Medivac x2  
  79  13:29  Marine  
  87  13:36  SCV  
  87  13:37  SCV  
  89  13:50  Stimpack  
  89  13:52  Marauder  
  89  13:53  Marine x2  
  93  14:00  Siege Tank  
  96  14:03  Command Center  
  96  14:11  Marine  
  96  14:12  Barracks  
  96  14:13  Barracks Reactor  
  96  14:14  Marauder  
  99  14:17  Marine  
  99  14:21  Viking  
  102  14:29  Marine  
  103  14:32  Siege Tank  
  103  14:35  SCV, Marauder  
  109  14:40  Marine  
  109  14:46  Marine  
  109  14:47  SCV  
  111  14:56  Marauder  
  111  14:57  Marine  
  111  14:59  SCV  
  115  15:04  Marine  
  116  15:11  SCV  
  117  15:27  Barracks Tech Lab  
  117  15:35  Supply Depot  
  117  15:56  Siege Tank, SCV, Command Center, Marine x2  
  125  15:57  Marauder  
  125  15:59  Supply Depot  
  125  16:20  SCV, Command Center  
  125  16:21  Marauder  
  125  16:23  Supply Depot, Marauder, Marine x3  
  133  16:42  Marine  
  133  16:45  SCV, Marauder, Marine x4  
  133  16:46  Supply Depot  
  139  16:47  Siege Tank  
  81  17:47  Command Center  
  81  17:58  Command Center  
Show
View Real Time Build Order
Export as new Build Order

Nemesis Terran - Winner!

Build Orders: MMM Bio 

Get SALT Encoding   

  12  0:01  SCV  
  13  0:13  SCV  
  14  0:22  Supply Depot  
  14  0:25  SCV  
  15  0:43  SCV  
  15  0:46  Barracks  
  16  0:55  SCV  
  17  1:07  SCV  
  18  1:20  SCV  
  19  1:28  Command Center  
  19  1:32  SCV  
  20  1:33  Marine  
  20  1:39  Bunker  
  21  1:47  Orbital Command  
  21  1:57  Marine  
  22  2:08  Barracks  
  22  2:11  Supply Depot  
  22  2:14  Marine  
  23  2:30  Refinery  
  23  2:32  SCV, Marine  
  23  2:34  Refinery  
  25  2:43  Orbital Command  
  25  2:44  SCV  
  26  2:56  SCV  
  27  3:04  Marine  
  28  3:08  Barracks Tech Lab  
  28  3:09  SCV  
  30  3:12  SCV  
  30  3:19  Refinery  
  30  3:21  SCV  
  30  3:22  Marine  
  30  3:25  SCV  
  35  3:27  Concussive Shells, Marauder  
  35  3:33  SCV  
  36  3:35  Refinery  
  36  3:37  SCV  
  36  3:40  Supply Depot  
  37  3:45  SCV  
  40  3:48  Marauder  
  40  3:49  SCV  
  40  3:53  Barracks Tech Lab  
  41  3:56  Factory  
  41  3:57  SCV  
  41  4:01  SCV  
  43  4:03  Supply Depot  
  43  4:11  Marauder  
  43  4:12  Stimpack  
  43  4:13  Combat Shields  
  43  4:15  SCV x2  
  47  4:27  SCV  
  48  4:31  SCV  
  49  4:39  SCV, Factory Tech Lab, Command Center  
  49  4:43  SCV  
  51  4:51  SCV  
  52  4:56  SCV  
  52  4:58  Siege Tank  
  56  5:02  Starport  
  56  5:03  SCV  
  56  5:06  Supply Depot  
  57  5:08  SCV  
  57  5:13  Marauder  
  60  5:15  Marauder  
  62  5:28  SCV x2, Supply Depot  
  64  5:30  Siege Tank  
  64  5:31  Supply Depot  
  67  5:36  Engineering Bay  
  67  5:40  SCV x2  
  67  5:42  Engineering Bay  
  69  5:51  Starport Reactor  
  69  5:53  Supply Depot  
  43  6:24  SCV x2  
  32  6:36  SCV  
  32  6:37  Marauder x2  
  38  6:45  Orbital Command  
  36  6:48  SCV  
  35  6:58  Marauder  
  35  7:00  SCV  
  38  7:12  SCV  
  39  7:18  SCV  
  40  7:23  Bunker  
  40  7:24  SCV  
  40  7:25  Bunker  
  40  7:28  Planetary Fortress  
  41  7:30  SCV  
  41  7:32  Medivac x2  
  41  7:35  Refinery  
  41  7:36  SCV, Marauder x2  
  51  7:37  Refinery  
  51  7:42  SCV  
  52  7:44  Siege Tank  
  52  7:48  SCV  
  52  7:51  Bunker  
  56  7:54  SCV  
  56  7:56  Marine  
  52  8:00  SCV  
  53  8:06  SCV  
  53  8:09  Missile Turret  
  55  8:12  SCV  
  55  8:18  SCV  
  55  8:25  SCV  
  56  8:30  SCV  
  57  8:37  SCV  
  55  8:43  SCV  
  56  8:49  SCV  
  56  8:50  Marine  
  56  8:51  Marine  
  56  8:55  Barracks, SCV  
  60  9:00  Barracks, Terran Infantry Weapons Level 1  
  60  9:01  SCV  
  61  9:07  SCV  
  61  9:08  Marine  
  61  9:09  Marine  
  64  9:11  Missile Turret  
  64  9:13  SCV  
  64  9:15  SCV  
  64  9:16  Missile Turret  
  66  9:17  Medivac  
  66  9:18  Medivac  
  66  9:19  SCV  
  71  9:25  Barracks, SCV  
  71  9:26  Marine x2  
  71  9:27  Barracks, SCV  
  76  9:31  SCV  
  76  9:37  SCV  
  77  9:39  SCV  
  77  9:43  SCV  
  77  9:44  Marine  
  77  9:45  Marauder  
  82  9:49  SCV  
  82  9:52  SCV  
  84  9:55  SCV  
  84  10:01  SCV  
  84  10:02  Marauder  
  84  10:04  SCV  
  84  10:06  Viking x2, Marauder  
  94  10:07  SCV  
  94  10:13  SCV  
  96  10:19  SCV  
  97  10:23  Marauder  
  97  10:25  SCV  
  97  10:27  Marauder  
  92  10:36  Barracks Reactor x2, Medivac x2  
  92  10:38  Barracks Reactor  
  92  10:39  Barracks Reactor  
  96  10:45  Marauder  
  96  10:49  Marauder  
  100  10:59  SCV  
  100  11:00  SCV  
  102  11:06  Marauder  
  102  11:10  Starport, Marauder  
  106  11:11  SCV, Starport  
  106  11:12  SCV  
  106  11:15  Engineering Bay  
  106  11:16  Terran Infantry Armor Level 1  
  106  11:18  Command Center  
  108  11:19  Command Center  
  108  11:23  SCV  
  109  11:30  Supply Depot  
  109  11:33  Supply Depot  
  109  11:40  Supply Depot  
  109  11:41  Supply Depot  
  109  11:45  Command Center x2  
  109  11:48  Marauder  
  109  11:50  Marine  
  109  11:51  SCV x2  
  103  11:57  Supply Depot  
  103  12:00  Supply Depot  
  102  12:03  SCV x2  
  102  12:08  Marine  
  104  12:09  Marine  
  104  12:10  Marine  
  104  12:11  Marine x7  
  104  12:12  Medivac x2  
  104  12:14  Starport Tech Lab x2  
  104  12:15  SCV  
  119  12:26  Marine  
  119  12:27  Marine  
  119  12:28  Marine  
  119  12:29  Marine x7  
  129  12:34  Command Center  
  129  12:42  Medivac x2  
  129  12:44  Marine, Command Center  
  121  12:45  Marine  
  121  12:46  Marine x6  
  121  12:47  Marine x2  
  118  13:01  Command Center  
  118  13:02  Marine  
  118  13:03  Marine  
  118  13:04  Marine x3  
  118  13:05  Planetary Fortress  
  123  13:08  Planetary Fortress  
  123  13:15  Marine  
  123  13:16  Marine x4  
  123  13:19  Marine  
  128  13:20  Marine  
  128  13:21  Marine  
  128  13:22  Marine x2  
  128  13:24  Building Armor, Hi-Sec Auto Tracking  
  133  13:28  Armory  
  133  13:31  Orbital Command  
  133  13:33  Armory, Marine  
  133  13:34  Marine x4  
  134  13:37  Marine  
  134  13:38  Marine  
  134  13:39  Marine  
  134  13:40  Marine x2  
  143  13:51  Marine  
  143  13:52  Marine x3  
  143  13:53  Missile Turret  
  143  13:55  Missile Turret  
  147  13:57  Missile Turret x2  
  147  13:58  Refinery, Missile Turret  
  147  14:01  Refinery  
  147  14:03  Marine x6  
  147  14:06  Raven x2  
  147  14:08  Orbital Command  
  147  14:09  Marine x2  
  159  15:05  Planetary Fortress  
  159  15:09  SCV  
  160  15:16  Command Center  
  160  15:18  Refinery  
  160  15:19  Refinery  
  156  15:21  SCV  
  156  15:22  Marine  
  156  15:23  Marine x9  
  156  15:25  Raven x2  
  171  15:29  Corvid Reactor  
  171  15:30  High Capacity Fuel Tanks  
  171  15:34  SCV, Fusion Core  
  172  15:40  Marine x5  
  172  15:41  Marine x2  
  179  15:46  SCV  
  180  15:58  SCV  
  180  16:02  Planetary Fortress  
  181  16:08  Raven  
  183  16:11  Command Center  
  183  16:19  Command Center  
  183  16:26  Cloaking Field  
  167  17:04  Marine x10  
  167  17:06  Raven x2  
  179  17:21  Marine  
  179  17:22  Marine x9  
  180  17:39  Marine  
  180  17:40  Marine x9  
  188  17:51  Orbital Command  
  188  17:57  Marine x2  
  188  17:58  Marine x6  
  196  18:17  Marine x4  
Tags
 
Composition
MMM Bio
Matchup
TvT
Race
Terran
Spawn Locations
Cross Positions
Add a new tag
Caveats
  • Supply blocks, unpowered buildings, or Contaminate may cause inaccurate times.
  • Supply counts are checked every 10 seconds.